 Dungeon Crawl Stone Soup version 0.29-a0-359-g541a27f54d (webtiles) character file.

Game seed: 3673382844252231973

11386 croobank the Grappler (level 11, -6/113 HPs)
             Began as a Troll Fighter on Apr 27, 2022.
             Was a Follower of Qazlal.
             Constricted to death by Jorgrun (17 damage)
             ... on level 1 of the Orcish Mines.
             The game lasted 01:02:20 (10652 turns).

croobank the Grappler (Troll Fighter)              Turns: 10652, Time: 01:02:20

Health: -6/113     AC:  6    Str: 30    XL:     11   Next: 48%
Magic:  13/16      EV:  5    Int:  4    God:    Qazlal [*.....]
Gold:   850        SH: 12    Dex:  9    Spells: 10/10 levels left

rFire   . . .      SeeInvis .     - Unarmed
rCold   . . .      Faith    .   b - +2 kite shield
rNeg    . . .      Spirit   .   m - +2 robe {Archmagi}
rPois   .          Reflect  .   (helmet restricted)
rElec   .          Harm     .   (no cloak)
rCorr   +          Rampage  .   (gloves unavailable)
Will    .....      Archmagi +   (boots unavailable)
Stlth   +.........              G - amulet of regeneration
HPRegen 1.88/turn               j - ring of wizardry
MPRegen 0.15/turn               H - ring of resist corrosion

@: grasped by roots, hasted, constricted, very quick
A: large, unfitting armour, claws 3, regeneration 1, shaggy fur 1, tough skin 1
a: Renounce Religion


You were on level 1 of the Orcish Mines.
You worshipped Qazlal.
Qazlal was aware of your devotion.
You visited 4 branches of the dungeon, and saw 15 of its levels.

You collected 850 gold pieces.

Inventory:

Hand Weapons
 r - a +2 demon whip of venom
 A - a +0 giant club
Missiles
 p - 7 atropa-tipped darts
 D - a curare-tipped dart
Armour
 a - a +0 robe
 b - a +2 kite shield (worn)
 d - a +0 troll leather armour
 m - a +2 robe of the Archmagi (worn)
Jewellery
 j - a ring of wizardry (left claw)
 G - an amulet of regeneration (around neck)
 H - a ring of resist corrosion (right claw)
Wands
 i - a wand of flame (37)
 z - a wand of acid (4) (quivered)
 C - a wand of polymorph (8)
Scrolls
 g - 3 scrolls of holy word
 l - 3 scrolls of fog
 n - 4 scrolls of immolation
 v - a scroll of magic mapping
 y - a scroll of vulnerability {unknown}
Potions
 c - a potion of might
 e - 11 potions of curing
 k - 2 potions of magic
 o - 2 potions of brilliance
 t - 2 potions of lignification
 u - a potion of flight
 x - 2 potions of attraction
 E - a potion of ambrosia {unknown}
 F - a potion of mutation {unknown}


   Skills:
 - Level 8.5 Fighting
 - Level 2.4 Dodging
 + Level 6.8 Shields
 - Level 9.7 Unarmed Combat
 - Level 9.2 Invocations


You had 10 spell levels left.
You didn't know any spells.
Your spell library contained the following spells:

 Spells                   Type           Power      Damage    Failure   Level
 Freeze                   Ice            0%         1d3       41%         1
 Summon Small Mammal      Summ           0%         N/A       41%         1
 Blink                    Tloc           0%         N/A       54%         2
 Sublimation of Blood     Necr           0%         N/A       54%         2
 Call Canine Familiar     Summ           0%         N/A       77%         3
 Frozen Ramparts          Ice            0%         1d2       77%         3
 Lesser Beckoning         Tloc           0%         N/A       77%         3
 Stone Arrow              Conj/Erth      0%         3d7       77%         3
 Summon Guardian Golem    Hex/Summ       0%         N/A       77%         3
 Animate Armour           Summ/Erth      0%         N/A       98%         4
 Animate Dead             Necr           0%         N/A       98%         4
 Hailstorm                Conj/Ice       0%         3d3       98%         4
 Petrify                  Tmut/Erth      0%         N/A       98%         4
 Irradiate                Conj/Tmut      0%         3d13      100%        5
 Manifold Assault         Tloc           0%         N/A       100%        5
 Haunt                    Necr/Summ      0%         N/A       100%        7
 Infestation              Necr           0%         N/A       100%        8
 Lehudib's Crystal Spear  Conj/Erth      0%         10d2      100%        8


Dungeon Overview and Level Annotations

Branches:
Dungeon (11/15)            Temple (1/1) D:5            Lair (1/6) D:9
    Orc (2/2) D:9
    Elf: Orc:2

Altars:
Ashenzari
Cheibriados
Dithmenos
Elyvilon
Fedhas
Gozag
Hepliaklqana
Kikubaaqudgha
Makhleb
Nemelex Xobeh
Okawaru
Qazlal
Ru
Sif Muna
Trog
Uskayaw
Vehumet
Wu Jian
Xom
Yredelemnul
Zin
The Shining One

Shops:
Orc:2 :

Portals:
Trove: D:10 (give 17 scrolls of teleportation)

Annotations:
Orc:1 Jorgrun


Innate Abilities, Weirdness & Mutations

You are too large for most types of armour.
You have claws for hands.
Your natural rate of healing is unusually fast.
You are covered in fur. (AC +1)
You have tough skin. (AC +1)


Message History

You feel magically purged. The grasping roots constrict you.
You block the orc's attack.
The orc wizard gestures at you while chanting.
You easily resist.
Aiming: Upheaval
Press: ? - help, Dir - move target, f - Jorgrun
Aim: Jorgrun, wielding a +0 vorpal quarterstaff and wearing a +1 robe of willpower A blizzard blasts the area with ice!
The blast of ice hits Jorgrun!!
Jorgrun is lightly wounded.
Jorgrun is flash-frozen.
You can no longer call upon nature to destroy your foes.
You hear a shout! x2
The two-headed ogre barely misses you. x2; You block the orc's attack.
The orc wizard casts a spell at you. The puff of flame hits you.
* * * LOW HITPOINT WARNING * * *
The grasping roots constrict you!
* * * LOW HITPOINT WARNING * * *
Okay, then.
Okay, then.
Okay, then.
Okay, then.
Okay, then.
Okay, then.
Okay, then.
Okay, then.
Unknown command.
You escape the roots' grasp.
You block the orc's attack.
Jorgrun points at you and mumbles some strange words.
You struggle to resist.
You feel yourself speed up. You block the two-headed ogre's attack.
The two-headed ogre hits you with a +0 giant spiked club!
* * * LOW HITPOINT WARNING * * *
The orc hits you but does no damage.
Jorgrun points at you and mumbles some strange words.
Roots burst forth from the earth!
The grasping roots grab you! The grasping roots constrict you!
You die...

.#*...#.............## ****
..,..#...............# **,,**
..#..#...............##*#,,,,*
......................#..,,,,**
...#...#.....o...........,,,*,**
......#,,...............#,,,,,,*
#....##*,....oo.o.......#*,**,**
##..#####...$..oOg......#******
#...#..........@......#.**,***
##.#.O..........ยง.......,,,,,**
####....#......>.......,,,,,,*
*##..................,,,*,**
**,...................,,,,**
*,,...................,*,**
**,..............#....*****
**,.#.............#..,,,*,**
*,,.......#.#.#...,,,,,,,,,*


You could see Jorgrun (frozen), a two-headed ogre, an orc warrior, an orc wizard
and 3 orcs.

Vanquished Creatures
  Amaemon (Lair:1)
  An orc sorcerer (Orc:1)
  An orange demon (Lair:1)
  2 cane toads (Lair:1)
  A gargoyle (D:10)
  2 komodo dragons (Lair:1)
  4 trolls
  A hornet (D:9)
  A vampire (D:9)
  11 yaks
  2 wyverns
  2 steam dragons
  4 wargs
  3 water moccasins
  An ice beast (D:5)
  A black bear (D:6)
  10 orc warriors
  A sky beast (D:7)
  2 ogres (Orc:1)
  5 wolves (Lair:1)
  A centaur (D:9)
  A kobold brigand (D:8)
  6 bullfrogs
  A necrophage (D:6)
  3 gnoll sergeants
  4 scorpions (D:6)
  3 wights (D:8)
  9 killer bees
  4 howler monkeys
  A jelly (D:7)
  7 orc priests
  5 hounds
  A gnoll shaman (D:6)
  Jessica (D:2)
  Ijyb (D:4)
  4 iguanas
  9 orc wizards
  15 gnolls
  10 adders
  A shadow imp (D:7)
  2 white imps
  2 ufetubi
  2 worms (D:3)
  36 orcs
  5 endoplasms
  5 giant cockroaches
  13 goblins
  8 hobgoblins
  15 kobolds
  2 quokkas
  7 ball pythons
  6 bats
  4 frilled lizards
  11 rats
261 creatures vanquished.

Vanquished Creatures (others)
  5 fungi
  10 plants
15 creatures vanquished.

Grand Total: 276 creatures vanquished

Notes
Turn   | Place    | Note
-------+----------+-------------------------------------------
     0 | D:1      | croobank the Troll Fighter began the quest for the Orb.
     0 | D:1      | Reached XP level 1. HP: 22/22 MP: 0/0
   341 | D:1      | Reached XP level 2. HP: 29/29 MP: 1/1
   953 | D:2      | Reached XP level 3. HP: 37/37 MP: 2/2
  1079 | D:2      | Noticed Jessica
  1086 | D:2      | Killed Jessica
  1481 | D:3      | Found a faded altar of an unknown god.
  1538 | D:3      | Reached XP level 4. HP: 42/45 MP: 3/3
  2128 | D:4      | Reached XP level 5. HP: 52/54 MP: 4/4
  2173 | D:4      | Noticed Ijyb
  2177 | D:4      | Killed Ijyb
  3155 | D:5      | Entered Level 5 of the Dungeon
  3226 | D:5      | Noticed an ice beast
  3246 | D:5      | Killed an ice beast
  3247 | D:5      | Reached XP level 6. HP: 28/63 MP: 5/5
  3297 | D:5      | Found a staircase to the Ecumenical Temple.
  3541 | D:5      | Reached skill level 5 in Unarmed Combat
  3557 | D:5      | Noticed a wyvern
  3562 | D:5      | Killed a wyvern
  3563 | D:5      | Reached skill level 5 in Fighting
  3563 | D:5      | Reached XP level 7. HP: 72/72 MP: 6/6
  4258 | D:6      | Found a burning altar of Makhleb.
  4383 | D:6      | Reached XP level 8. HP: 83/83 MP: 7/7
  4456 | D:6      | Found a shimmering blue altar of Sif Muna.
  4484 | D:6      | Found a glowing silver altar of Zin.
  4505 | D:6      | Found a radiant altar of Vehumet.
  4678 | D:7      | HP: 2/84 [gnoll/+2 halberd of freezing (4)]
  4875 | D:7      | Found a blossoming altar of Fedhas.
  5469 | D:8      | Reached XP level 9. HP: 82/93 MP: 8/8
  5551 | D:8      | Found an ornate altar of the Wu Jian Council.
  6603 | Temple   | Entered the Ecumenical Temple
  6687 | Temple   | Became a worshipper of Qazlal Stormbringer
  7075 | D:9      | Found a staircase to the Orcish Mines.
  7332 | D:9      | Reached XP level 10. HP: 32/106 MP: 12/12
  7611 | D:9      | Reached skill level 5 in Invocations
  7632 | D:9      | Found a bloodstained altar of Trog.
  7659 | D:9      | Found a staircase to the Lair.
  7680 | D:9      | HP: 1/106 [troll (14)]
  7745 | Lair:1   | Entered Level 1 of the Lair of Beasts
  7849 | Lair:1   | Noticed a cane toad
  7857 | Lair:1   | Killed a cane toad
  7857 | Lair:1   | Reached * piety under Qazlal
  8007 | Lair:1   | Noticed Amaemon
  8008 | Lair:1   | Noticed an orange demon
  8023 | Lair:1   | Killed Amaemon
  8030 | Lair:1   | Killed an orange demon
  8463 | Lair:1   | Noticed a cane toad
  8471 | Lair:1   | Killed a cane toad
  8518 | Lair:1   | Reached XP level 11. HP: 30/113 MP: 16/16
  8643 | Lair:1   | Noticed a six-headed hydra
  9248 | D:10     | Entered Level 10 of the Dungeon
  9355 | D:10     | Found a portal to a secret trove of treasure.
  9686 | D:10     | Reached skill level 5 in Shields
 10124 | D:9      | Reached ** piety under Qazlal
 10201 | Orc:1    | Entered Level 1 of the Orcish Mines
 10268 | Orc:2    | Entered Level 2 of the Orcish Mines
 10268 | Orc:2    | Noticed an orc sorcerer
 10279 | Orc:1    | Killed an orc sorcerer
 10289 | Orc:2    | Noticed an orc warlord
 10480 | Orc:1    | Found a bloodstained altar of Trog.
 10545 | Orc:2    | Found Urueku Neug's Self-Improvement Boutique.
 10557 | Orc:1    | HP: 4/113 [orc warrior/+0 dire flail[an orc warlord] (29)]
 10565 | Orc:1    | Noticed Jorgrun
 10565 | Orc:1    | Noticed a two-headed ogre
 10652 | Orc:1    | Constricted to death by Jorgrun

Illustrated notes

Levels and vault maps discovered:
D:1:      scummos_arrival_gate, layout_basic, minmay_tetromino_i2
D:2:      layout_loops_ring, amethyst_killhole, uniq_jessica
D:3:      layout_basic, shapermc_ecumenical_altar_starsandcircs,
          hangedman_decor_growths
D:4:      layout_basic, uniq_ijyb
D:5:      layout_cave_pods, minmay_temple_entry_overgrown
D:6:      old_forge, layout_rooms, old_standard_altar,
          grunt_temple_overflow_open, enter_ossuary_1, minmay_circle_x
D:7:      layout_rooms, mainiacjoe_overflow_catwalk
D:8:      layout_loops_ring, old_standard_altar
D:9:      layout_loops_cross, trog_hazing_becter, erik_lair_orcish_takeover
D:10:     layout_roguey, nicolae_trove_entry_diagonal
D:11:     layout_roguey, uniq_erolcha
Temple:   regret_index_temple_generic_petals
Lair:1:   layout_cave_pods, lemuel_fruit_tree, uniq_amaemon
Orc:1:    layout_caves, basic_altar, uniq_jorgrun
Orc:2:    pf_orc_diabolical, layout_caves, ebering_ghost_rock_garden,
          serial_shops, nicolae_shop_statue_plus, nicolae_shop_self_help

Skill      XL: |  1  2  3  4  5  6  7  8  9 10 11 |
---------------+----------------------------------+-----
Fighting       | 3 4 5 6 7 8 |  8.5
Unarmed Combat | 3 4 5 6 8 9 |  9.7
Invocations    | 4 9 |  9.2
Shields        | 3 6 |  6.8
Dodging        | |  2.4

Action                   |  1- 3 |  4- 6 |  7- 9 | 10-12 || total
-------------------------+-------+-------+-------+-------++-------
Melee: Unarmed           |    88 |   133 |   324 |   273 ||   818
Invok: Upheaval          |       |       |       |     3 ||     3
Evoke: Wand              |       |     8 |     7 |    18 ||    33
  Use: Scroll            |       |     9 |    12 |    18 ||    39
       Potion            |       |       |     1 |    11 ||    12
Armor: Robe              |    25 |    30 |   104 |    65 ||   224
Dodge: Dodged            |    26 |    37 |   140 |   101 ||   304
Block: Kite shield       |    24 |    44 |   149 |   176 ||   393

Table legend: (Time is in decaauts)
 A = Elapsed time spent in this place.
 B = Non-inter-level travel time spent in this place.
 C = Inter-level travel time spent in this place.
 D = Time resting spent in this place.
 E = Time spent auto-exploring this place.
 F = Levels seen in this place.
 G = Mean time per level.
                   A        B        C        D        E       F      G
               +--------+--------+--------+--------+--------+-----+--------+
         Total |  10658 |   9986 |    672 |    724 |   6784 |  15 |  710.5 |
       Dungeon |   8738 |   8223 |    515 |    444 |   5841 |  11 |  794.4 |
        Temple |    231 |    202 |     29 |      0 |    190 |   1 |  231.0 |
          Lair |   1236 |   1151 |     85 |    229 |    651 |   1 | 1236.0 |
  Orcish Mines |    451 |    409 |     42 |     51 |    102 |   2 |  225.5 |
               +--------+--------+--------+--------+--------+-----+--------+

Top non-repeatable levels by time:
  Lair:1: 1236 daAuts
     D:9: 1139 daAuts
     D:4: 1048 daAuts
     D:5: 1045 daAuts
     D:8: 917 daAuts
     D:7: 856 daAuts
     D:1: 818 daAuts
    D:10: 808 daAuts
     D:6: 765 daAuts
     D:3: 654 daAuts
     D:2: 649 daAuts
   Orc:1: 431 daAuts
  Temple: 231 daAuts
    D:11: 35 daAuts
   Orc:2: 20 daAuts
